 Dungeon Crawl Stone Soup version 0.22-b1-21-g5cfc168 (webtiles) character file.

6803 lokyar the Spear-Bearer (level 11, -1/94 HPs)
             Began as a Hill Orc Fighter on Aug 3, 2018.
             Was a Priest of Beogh.
             Slain by a gnoll sergeant
             ... wielding a +0 trident
              (5 damage)
             ... on level 9 of the Dungeon.
             The game lasted 00:23:04 (9979 turns).

lokyar the Spear-Bearer (Hill Orc Fighter)          Turns: 9979, Time: 00:23:05

Health: -1/94      AC: 15    Str: 23    XL:     11   Next: 5%
Magic:  11/11      EV:  7    Int:  8    God:    Beogh [***...]
Gold:   545        SH:  0    Dex: 10    Spells: 10/10 levels left

rFire    . . .     SeeInvis .   A - +0 halberd
rCold    . . .     Gourm    .   (shield currently unavailable)
rNeg     + . .     Faith    .   w - +0 plate armour
rPois    .         Spirit   .   (no helmet)
rElec    .         Reflect  .   q - +0 cloak (curse)
rCorr    .         Harm     .   (no gloves)
MR       .....                  (no boots)
Stlth    ..........             n - amulet of magic regeneration
HPRegen  0.25/turn              D - ring of positive energy
MPRegen  0.37/turn              (no ring)

@: lethally poisoned (-1 -> -11)
A: no striking features
a: Smiting, Renounce Religion


You were on level 9 of the Dungeon.
You worshipped Beogh.
Beogh was most pleased with you.
You were not hungry.

You visited 1 branch of the dungeon, and saw 10 of its levels.

You collected 545 gold pieces.

Inventory:

Hand Weapons
 A - a +0 halberd (weapon)
Armour
 q - a cursed +0 cloak (worn)
 w - a +0 plate armour (worn)
Jewellery
 n - an amulet of magic regeneration (around neck)
 D - a ring of positive energy (left hand)
Wands
 a - a wand of clouds (10)
 y - a wand of iceblast (15)
Scrolls
 b - 7 scrolls of identify
 c - a scroll of magic mapping {unknown}
 e - 2 scrolls of fog {unknown}
 g - 6 scrolls of remove curse
 l - 4 scrolls of teleportation
 m - 2 scrolls of immolation {unknown}
 o - 3 scrolls of blinking {unknown}
 r - 2 scrolls of amnesia {unknown}
 s - 2 scrolls of enchant armour {unknown}
 t - a scroll of random uselessness {unknown}
 v - 2 scrolls of noise {unknown}
 G - a scroll of enchant weapon {unknown}
Potions
 d - 4 potions of might
 h - 4 potions of lignification {unknown}
 i - a potion of degeneration {unknown}
 j - 4 potions of haste {unknown}
 k - a potion of ambrosia {unknown}
 p - a potion of magic {unknown}
 u - 4 potions of agility {unknown}
 x - 2 potions of flight {unknown}
 z - 2 potions of curing
 B - 2 potions of heal wounds
 C - a potion of berserk rage {unknown}
 E - a potion of invisibility {unknown}
Comestibles
 f - 16 rations


   Skills:
 + Level 7.9 Fighting
 * Level 13.8 Polearms
 + Level 8.5 Armour
   Level 5.7 Shields


You had 10 spell levels left.
You didn't know any spells.
Your spell library was empty.

Dungeon Overview and Level Annotations

Branches:
Dungeon (10/15)            Temple (0/1) D:5
   Lair: D:8-11         Orc: D:9-12

Altars:
Dithmenos
Fedhas
Makhleb
Nemelex Xobeh
Okawaru
Qazlal
Ru
Uskayaw
Zin

Annotations:
D:3 2 transporters
D:6 exclusion: oklob plant


Message History

You are poisoned.
The killer bee poisons you! The killer bee closely misses you.
The killer bee stings you but does no damage.
The gnoll sergeant hits you but does no damage.
The killer bee closely misses you.
You miss the killer bee.
The killer bee is moderately wounded.
You feel sick. The killer bee barely misses you.
The killer bee stings you but does no damage. x2
The gnoll sergeant closely misses you.
You closely miss the killer bee.
The killer bee is moderately wounded.
The killer bee stings you but does no damage.
The killer bee stings you.
* * * LOW HITPOINT WARNING * * *
You are lethally poisoned!
The killer bee poisons you! The killer bee barely misses you.
The killer bee stings you but does no damage.
The gnoll sergeant hits you with a trident.
You die...

###.............#..#..#...#......
..#..#####..#...#..#..#...#......
..#......#..#...#..#..#...#......
..#......#..#...#..#..#...#......
..####...#..#####..#......#######
..#.............#..#.............
..#.............#..#.............
..#o.#...#.....[####.............
###..#..<#....[y@y.#......#......
.....#...#.....)g†.#......#......
........<#.........#......#......
.........#......####......#......
..._.....####.............#####..
............#.............#......
.........#..#.............#......
.#.......#..#.............#......
##.......#......#..#......#...###


You could see a gnoll sergeant and 2 killer bees.

Vanquished Creatures
  Harold (D:7)
  Joseph (D:8)
  Grinder (D:5)
  A hippogriff (D:9)
  7 yaks (D:9)
  A shadow (D:7)
  A wyvern (D:9)
  A hungry ghost (D:9)
  Grum (D:7)
  3 water moccasins
  2 ice beasts (D:9)
  An orc warrior (D:8)
  3 phantoms
  A sky beast (D:9)
  5 ogres
  2 wolves (D:7)
  A centaur (D:5)
  3 big kobolds
  5 bullfrogs
  A gnoll sergeant (D:6)
  2 scorpions
  A killer bee (D:9)
  2 wights (D:9)
  A howler monkey (D:6)
  6 crimson imps
  A quasit (D:5)
  A centaur zombie (D:6)
  2 hounds
  2 centaur skeletons
  5 orc wizards
  An orc priest (D:9)
  Jessica (D:2)
  10 worker ants
  4 iguanas
  Terence (D:2)
  3 hound zombies
  A hound skeleton (D:8)
  A howler monkey zombie (D:8)
  A worker ant zombie (D:6)
  A howler monkey skeleton (D:7)
  9 gnolls
  8 adders
  A shadow imp (D:8)
  2 oozes
  4 worms
  3 dart slugs
  7 leopard geckos
  22 orcs
  3 ball pythons
  5 giant cockroaches
  6 hobgoblins
  10 jackals
  22 kobolds
  6 quokkas
  3 bats
  4 frilled lizards
  11 goblins
  A jackal zombie (D:5)
  22 rats
  2 fungi (D:6)
  A plant (D:6)
241 creatures vanquished.

Vanquished Creatures (collateral kills)
  A yak (D:9)
  A wight (D:10)
  A quasit (D:9)
  An iguana (D:10)
  An adder (D:9)
  An orc (D:9)
6 creatures vanquished.

Vanquished Creatures (others)
  An orc wizard (D:9)
  An orc priest (D:3)
  6 orcs
  A hobgoblin (D:3)
  A rat (D:3)
10 creatures vanquished.

Grand Total: 257 creatures vanquished

Notes
Turn   | Place    | Note
-------+----------+-------------------------------------------
     0 | D:1      | lokyar the Hill Orc Fighter began the quest for the Orb.
     0 | D:1      | Reached XP level 1. HP: 19/19 MP: 1/1
   245 | D:1      | Reached XP level 2. HP: 27/27 MP: 2/2
   661 | D:1      | Reached XP level 3. HP: 33/33 MP: 3/3
   956 | D:2      | Noticed Terence
   964 | D:2      | Killed Terence
   964 | D:2      | Reached skill level 3 in Polearms
  1073 | D:2      | Reached XP level 4. HP: 40/40 MP: 4/4
  1277 | D:2      | You fall through a shaft for 2 floors!
  1365 | D:3      | Found a transporter.
  1451 | D:2      | Found a sacrificial altar of Ru.
  1452 | D:2      | Reached skill level 4 in Polearms
  1452 | D:2      | Reached XP level 5. HP: 46/46 MP: 5/5
  1576 | D:2      | Noticed Jessica
  1589 | D:2      | Killed Jessica
  1897 | D:3      | Found a transporter.
  1969 | D:3      | Reached XP level 6. HP: 41/53 MP: 6/6
  1972 | D:3      | Reached skill level 5 in Polearms
  2210 | D:3      | Became a worshipper of Beogh the Brigand
  2606 | D:4      | Found a shadowy altar of Dithmenos.
  3068 | D:4      | Reached XP level 7. HP: 60/60 MP: 7/7
  3134 | D:5      | Entered Level 5 of the Dungeon
  3192 | D:5      | Reached skill level 6 in Polearms
  3516 | D:5      | Reached skill level 7 in Polearms
  3547 | D:5      | Reached skill level 5 in Shields
  3609 | D:5      | Noticed Grinder
  3623 | D:5      | Killed Grinder
  3623 | D:5      | Reached skill level 5 in Fighting
  3623 | D:5      | Reached skill level 8 in Polearms
  3623 | D:5      | Reached XP level 8. HP: 41/68 MP: 8/8
  3825 | D:5      | Found a staircase to the Ecumenical Temple.
  3888 | D:5      | Reached * piety under Beogh
  3888 | D:5      | Reached skill level 5 in Armour
  4446 | D:6      | Reached skill level 9 in Polearms
  4711 | D:6      | Found a blossoming altar of Fedhas.
  4737 | D:6      | Noticed an oklob plant
  4837 | D:6      | Found a sparkling altar of Nemelex Xobeh.
  4837 | D:6      | Found a glowing silver altar of Zin.
  4839 | D:6      | Found an iron altar of Okawaru.
  4839 | D:6      | Found a burning altar of Makhleb.
  4841 | D:6      | Found a hide-covered altar of Uskayaw.
  4841 | D:6      | Found a stormy altar of Qazlal.
  5040 | D:6      | Reached XP level 9. HP: 51/74 MP: 9/9
  5573 | D:7      | Noticed Harold
  5599 | D:7      | HP: 1/74 [Harold/halberd (8)]
  5873 | D:7      | Killed Harold
  5873 | D:7      | Reached skill level 10 in Polearms
  6099 | D:7      | Reached ** piety under Beogh
  6152 | D:7      | Reached skill level 11 in Polearms
  6184 | D:7      | HP: 3/75 [ogre/giant club (22)]
  6453 | D:7      | Found an iron altar of Okawaru.
  6962 | D:8      | Reached XP level 10. HP: 84/84 MP: 10/10
  6997 | D:8      | Noticed Joseph
  7027 | D:8      | Killed Joseph
  7027 | D:8      | Reached skill level 12 in Polearms
  7281 | D:8      | Noticed Grum
  7445 | D:7      | Killed Grum
  7872 | D:8      | Reached *** piety under Beogh
  8056 | D:9      | Found a shadowy altar of Dithmenos.
  8819 | D:9      | Reached skill level 13 in Polearms
  9708 | D:10     | Entered Level 10 of the Dungeon
  9719 | D:10     | Reached XP level 11. HP: 92/94 MP: 11/11
  9975 | D:9      | HP: 4/94 [poisoned by a killer bee]
  9976 | D:9      | HP: 1/94 [poisoned by a killer bee]
  9979 | D:9      | Slain by a gnoll sergeant

Skill      XL: |  1  2  3  4  5  6  7  8  9 10 |
---------------+-------------------------------+-----
Fighting       | 4 5 6 7 |  7.9
Polearms       | 3 4 5 8 9 11 13 | 13.8
Shields        | 4 5 |  5.7
Armour         | 4 5 7 8 |  8.5

Action                   |  1- 3 |  4- 6 |  7- 9 | 10-12 || total
-------------------------+-------+-------+-------+-------++-------
Melee: Trident           |    87 |   337 |   269 |       ||   693
       Halberd           |       |       |   201 |   351 ||   552
Invok: Convert to Beogh  |       |     1 |       |       ||     1
  Use: Scroll            |       |     2 |     1 |     2 ||     5
       Potion            |       |       |     3 |     1 ||     4
 Stab: Paralysed         |       |     2 |       |       ||     2
       Distracted        |       |       |       |     1 ||     1
  Eat: Chunk             |       |     7 |     7 |     5 ||    19
       Ration            |       |       |     2 |     4 ||     6
Armor: Scale mail        |     7 |       |       |       ||     7
       Chain mail        |    27 |   162 |       |       ||   189
       Plate armour      |       |    48 |   265 |   283 ||   596
Dodge: Dodged            |    14 |    64 |    91 |   184 ||   353
Block: Shield            |    32 |   154 |   139 |       ||   325
